 Dungeon Crawl Stone Soup version 0.31-a0-940-gdaa99269f9 (webtiles) character file.

Game seed: 15939430040564122825

1474 Naiya55 the Frost Mage (level 8, -3/72 HPs)
             Began as a Naga Ice Elementalist on Oct 21, 2023.
             Was a Believer of Cheibriados.
             Slain by an orc warrior
             ... wielding a +0 halberd
              (9 damage)
             ... on level 7 of the Dungeon.
             The game lasted 00:20:12 (6172 turns).

Naiya55 the Frost Mage (Naga Ice Elementalist)      Turns: 6172, Time: 00:20:12

Health: -3/72      AC:  6    Str: 16    XL:     8   Next: 78%
Magic:  9/11       EV:  8    Int: 25    God:    Cheibriados [**....]
Gold:   354        SH:  9    Dex: 17    Spells: 7/11 levels left

rFire   . . .        r - +0 trident
rCold   + . .        x - +0 kite shield
rNeg    . . .        a - +0 robe
rPois   +            e - +0 helmet
rElec   .            w - +0 cloak
rCorr   .            c - +0 pair of gloves
SInv    +            (no barding)
Will    +....        (no amulet)
Stlth   ++++         p - ring of protection from fire
HPRegen 0.32/turn    t - ring of ice
MPRegen 0.12/turn

%: no passive effects
@: very slow
A: AC +2, large, see invisible, deformed body, poison resistance, slowness 2,
spit poison 1, naga tail 1
a: Spit Poison, Renounce Religion, Bend Time


You were on level 7 of the Dungeon.
You worshipped Cheibriados.
Cheibriados was pleased with you.
You visited 2 branches of the dungeon, and saw 8 of its levels.

You collected 436 gold pieces.
You spent 82 gold pieces at shops.

Inventory:

Hand Weapons
 r - a +0 trident (weapon)
 y - a +0 great mace
Missiles
 h - 11 poisoned darts (quivered)
 l - 3 throwing nets
Armour
 a - a +0 robe (worn)
 c - a +0 pair of gloves (worn)
 e - a +0 helmet (worn)
 w - a +0 cloak (worn)
 x - a +0 kite shield (worn)
Jewellery
 p - a ring of protection from fire (left hand)
 t - a ring of ice (right hand)
 G - a ring of wizardry
 J - a ring of willpower
Wands
 H - a wand of polymorph (3)
Scrolls
 f - a scroll of immolation {unknown}
 g - 2 scrolls of fog {unknown}
 i - 5 scrolls of teleportation
 j - 2 scrolls of blinking {unknown}
 m - 4 scrolls of identify
 n - 3 scrolls of poison {unknown}
 o - 2 scrolls of noise {unknown}
 q - a scroll of enchant weapon {unknown}
 u - a scroll of revelation {unknown}
 C - a scroll of vulnerability {unknown}
 I - a scroll of fear {unknown}
Potions
 b - a potion of magic
 d - 3 potions of heal wounds
 k - a potion of enlightenment {unknown}
 s - 2 potions of attraction {unknown}
 v - 5 potions of curing
 z - 2 potions of might {unknown}
 A - 4 potions of brilliance {unknown}
 B - a potion of haste {unknown}
 D - a potion of invisibility {unknown}
 E - a potion of degeneration {unknown}
 F - a potion of resistance {unknown}


   Skills:
 + Level 4.2 Fighting
 - Level 1.5 Dodging
 + Level 7.4 Stealth
 + Level 3.8 Shields
 - Level 2.0 Spellcasting
 - Level 8.3 Ice Magic


You had 7 spell levels left.
You knew the following spells:

 Your Spells              Type           Power      Damage    Failure   Level
a - Freeze                Ice            100%       1d10      1%          1
b - Frozen Ramparts       Ice            100%       1d16      3%          3

Your spell library contained the following spells:

 Spells                   Type           Power      Damage    Failure   Level
 Ozocubu's Armour         Ice            61%        N/A       3%          3
 Ensorcelled Hibernation  Hex/Ice        70%        N/A       9%          2
 Magic Dart               Conj           8%         1d3       30%         1
 Shock                    Conj/Air       8%         1d3       30%         1
 Call Imp                 Summ           4%         N/A       43%         2
 Jinxbite                 Hex            4%         N/A       43%         2
 Summon Ice Beast         Ice/Summ       35%        N/A       50%         4
 Mephitic Cloud           Conj/Pois/Air  2%         N/A       67%         3
 Swiftness                Air            2%         N/A       67%         3
 Airstrike                Air            1%         2d(1-17)  97%         4
 Anguish                  Hex/Necr       1%         N/A       97%         4


Dungeon Overview and Level Annotations

Branches:
Dungeon (7/15)             Temple (1/1) D:4

Altars:
Cheibriados
Dithmenos
Elyvilon
Gozag
Kikubaaqudgha
Makhleb
Nemelex Xobeh
Okawaru
Qazlal
Trog
Wu Jian
Xom
Zin
The Shining One

Shops:
D:3 *   D:4 (   D:5 (:?:

Annotations:
D:6 Grinder


Innate Abilities, Weirdness & Mutations

Your serpentine skin is tough. (AC +2)
You have supernaturally acute eyesight. (SInv)
Armour fits poorly on your strangely shaped body.
Your system is resistant to poisons. (rPois)
You cover ground very slowly.
You can spit poison.
You have a snake-like lower body.


Message History

The white imp gestures at you. The puff of frost hits you. You resist.
The wall freezes the orc warrior but does no damage.
The orc warrior unwields a +0 orcbow.
The orc warrior wields a +0 halberd.
The orc warrior closely misses you.
The orc shouts!
You hit the orc warrior but do no damage.
The white imp gestures at you. The puff of frost hits you. You resist.
The wall freezes the orc warrior but does no damage.
The white imp hits you. The white imp freezes you. You resist.
The wall freezes the orc!
You kill the orc!
Cheibriados appreciates the change of pace.
Aiming: Spit Poison (1% risk of failure)
Press: ? - help, Shift-Dir - straight line, f - orc warrior
Aim: an orc warrior, wielding a +0 halberd and wearing a +0 chain mail (60% to hit)
The splash of poison hits the orc warrior but does no damage.
The orc warrior is poisoned.
The orc warrior hits you with a +0 halberd!!
The white imp gestures at you. The puff of frost hits you. You resist.
* * * LOW HITPOINT WARNING * * *
Okay, then.
The frozen ramparts melt away as you move.
The orc warrior barely misses you. The white imp gestures at you.
The puff of frost hits you. You resist.
* * * LOW HITPOINT WARNING * * *
The orc warrior barely misses you. The white imp gestures at you.
The puff of frost hits you. You resist.
* * * LOW HITPOINT WARNING * * *
The orc warrior barely misses you.
You have got your breath back.
The white imp gestures at you. The puff of frost hits you. You resist.
* * * LOW HITPOINT WARNING * * *
The orc warrior hits you from afar with a +0 halberd!
You die...

..#. #..... .... ....
.# #....###.o.. ......
..##....#..o..
.##..#.........#...#
........##..)...). ###
........#.....5o#
...#.#
....#.........o.##....
..###......##...#..#
..#.#......#....@..#
..................##
..................#
.###.......#......#..
###........#..........
##.#........#...#...
#.#........#...#.≈≈
##..............≈≈≈
#.)...........#≈≈#


You could see an orc warrior (poisoned), a white imp and an orc.

Vanquished Creatures
  A troll (D:6)
  A steam dragon (D:5)
  A black bear (D:4)
  A centaur (D:6)
  2 bullfrogs
  5 hounds
  2 sleepcaps (D:5)
  2 orc priests
  2 jellies
  A gnoll bouda (D:5)
  Terence (D:2)
  8 orc wizards
  11 gnolls
  2 adders
  A white imp (D:5)
  2 worms
  4 dart slugs
  18 orcs
  8 endoplasms
  7 giant cockroaches
  4 goblins
  13 hobgoblins
  8 jackals
  7 kobolds
  2 quokkas
  9 ball pythons
  4 bats
  4 frilled lizards
  5 rats
136 creatures vanquished.

Notes
Turn   | Place    | Note
-------+----------+-------------------------------------------
     0 | D:1      | Naiya55 the Naga Ice Elementalist began the quest for the
                  | Orb.
     0 | D:1      | Reached XP level 1. HP: 15/15 MP: 3/3
   128 | D:1      | Reached XP level 2. HP: 21/22 MP: 1/5
   492 | D:1      | Reached XP level 3. HP: 28/28 MP: 4/6
   498 | D:1      | Learned a level 3 spell: Frozen Ramparts
   622 | D:1      | Reached skill level 5 in Ice Magic
   624 | D:1      | You fall into a shaft and drop 1 floor!
   811 | D:2      | Noticed Terence
   824 | D:2      | Killed Terence
   825 | D:2      | Reached XP level 4. HP: 9/36 MP: 3/7
  1283 | D:2      | Found a white marble altar of Elyvilon.
  1917 | D:3      | Found Necumun's General Store.
  1922 | D:3      | Reached skill level 6 in Ice Magic
  1923 | D:3      | Reached XP level 5. HP: 35/42 MP: 4/8
  1949 | D:3      | Bought a potion of curing for 33 gold pieces
  1949 | D:3      | Bought a +0 cloak for 49 gold pieces
  2230 | D:3      | Noticed a fire elemental
  2232 | D:3      | Found a stormy altar of Qazlal.
  2233 | D:3      | Noticed a water elemental
  2233 | D:3      | Noticed an air elemental
  2386 | D:4      | Noticed a black bear
  2397 | D:4      | Killed a black bear
  2398 | D:4      | Reached skill level 7 in Ice Magic
  2398 | D:4      | Reached XP level 6. HP: 19/49 MP: 2/9
  2571 | D:4      | Found a snail-covered altar of Cheibriados.
  2656 | D:4      | Became a worshipper of Cheibriados the Contemplative
  2707 | D:4      | Found Icvumufu's Weapon Boutique.
  3321 | D:4      | Found a staircase to the Ecumenical Temple.
  3373 | D:4      | Found a bloodstained altar of Trog.
  3379 | D:4      | Reached * piety under Cheibriados
  3533 | Temple   | Entered the Ecumenical Temple
  3611 | D:5      | Entered Level 5 of the Dungeon
  3695 | D:5      | Reached skill level 8 in Ice Magic
  3771 | D:5      | Found Wogaapn's Weapon Emporium.
  3789 | D:5      | Reached XP level 7. HP: 48/55 MP: 6/10
  3846 | D:5      | Found Vocoib's Magic Scroll Boutique.
  3846 | D:5      | Found Iffig's Book Boutique.
  3938 | D:5      | Reached skill level 1 in Fighting
  3938 | D:5      | Reached skill level 1 in Shields
  4125 | D:5      | Reached ** piety under Cheibriados
  4223 | D:5      | Found Qukkuq's Book Shop.
  4335 | D:5      | Found an ornate altar of the Wu Jian Council.
  4349 | D:5      | Found a sparkling altar of Nemelex Xobeh.
  4349 | D:5      | Noticed a steam dragon
  4364 | D:5      | Killed a steam dragon
  4365 | D:5      | Reached skill level 5 in Stealth
  4365 | D:5      | Reached XP level 8. HP: 16/68 MP: 2/11
  5268 | D:6      | Noticed a troll
  5276 | D:6      | Killed a troll
  5554 | D:6      | Noticed Grinder
  5679 | D:6      | Found a shadowy altar of Dithmenos.
  6172 | D:7      | Slain by an orc warrior

Illustrated notes

Levels and vault maps discovered:
D:1:      ncdulo_watergridlock, layout_loops_ring, dreamdust_princess_corridor
D:2:      layout_basic, basic_altar, minmay_hexomino_u4, uniq_terence
D:3:      minmay_skewed_foursquare, layout_rooms,
          nicolae_qazlal_style_of_elements, serial_shops, nicolae_shop_peninsula
D:4:      layout_cave_pods, mainiacjoe_overflow_alcove_2, amcnicky_altar_gilded,
          temple_hall, nicolae_inconvenience_store
D:5:      layout_basic, nicolae_overflow_squiral, serial_shops, shop_statue,
          nicolae_book_shop_shelving, shop, nicolae_shop_crystal, corexii_shack
D:6:      layout_gridville, mainiacjoe_overflow_surrounded_room, uniq_grinder
D:7:      layout_cave_pools, fedhas_altar_fruit_tree, water_boxes_lemuel
Temple:   nicolae_temple_godpark

Skill      XL: |  1  2  3  4  5  6  7  8 |
---------------+-------------------------+-----
Ice Magic      | 5 6 7 8 |  8.3
Fighting       | 2 4 |  4.2
Shields        | 2 3 |  3.8
Stealth        | 5 7 |  7.4
Dodging        | |  1.5
Spellcasting   | |  2.0

Action                     |  1- 3 |  4- 6 |  7- 9 || total
---------------------------+-------+-------+-------++-------
  Melee: Whip              |    53 |       |       ||    53
         Punch             |     1 |     2 |       ||     3
         Trident           |     5 |   126 |    46 ||   177
  Throw: Dart              |       |       |     2 ||     2
   Cast: Freeze            |    19 |    10 |     9 ||    38
         Frozen Ramparts   |       |    14 |    14 ||    28
Ability: Spit Poison       |     9 |     5 |     6 ||    20
    Use: Scroll            |       |     2 |       ||     2
         Potion            |       |       |     1 ||     1
   Stab: Sleeping          |       |       |     3 ||     3
 Armour: Robe              |    42 |   137 |    96 ||   275
  Dodge: Dodged            |    30 |    95 |    31 ||   156
  Block: Kite shield       |       |       |    45 ||    45

Table legend: (Time is in decaauts)
 A = Elapsed time spent in this place.
 B = Non-inter-level travel time spent in this place.
 C = Inter-level travel time spent in this place.
 D = Time resting spent in this place.
 E = Time spent auto-exploring this place.
 F = Levels seen in this place.
 G = Mean time per level.
                   A        B        C        D        E       F      G
               +--------+--------+--------+--------+--------+-----+--------+
         Total |   9299 |   8722 |    577 |    216 |   6283 |   8 | 1162.4 |
       Dungeon |   9297 |   8720 |    577 |    216 |   6283 |   7 | 1328.1 |
        Temple |      1 |      1 |      0 |      0 |      0 |   1 |    1.0 |
               +--------+--------+--------+--------+--------+-----+--------+

Top non-repeatable levels by time:
     D:5: 2565 daAuts
     D:4: 1975 daAuts
     D:6: 1563 daAuts
     D:1: 1053 daAuts
     D:2: 1000 daAuts
     D:3: 946 daAuts
     D:7: 193 daAuts
  Temple: 1 daAuts
